 Dungeon Crawl Stone Soup version 0.30-a0-310-g7d6cbdfea6 (webtiles) character file.

Game seed: 1013314667304328863

909 hikkokomori the Digger (level 7, -2/58 HPs)
             Began as a Demigod Earth Elementalist on Oct 25, 2022.
             Slain by an ogre
             ... wielding a +0 giant club
              (20 damage)
             ... on level 5 of the Dungeon.
             The game lasted 00:13:48 (4416 turns).

hikkokomori the Digger (Demigod Earth Elementalist) Turns: 4416, Time: 00:13:48

Health: -2/58      AC:  6    Str:  9    XL:     7   Next: 51%
Magic:  6/12       EV: 12    Int: 21    God:
Gold:   178        SH:  0    Dex: 18    Spells: 6/9 levels left

rFire   + . .      SeeInvis .    g - +1 dagger (flame)
rCold   + . .      Faith    .    (no shield)
rNeg    . . .      Spirit   .    s - +2 leather armour of Xiblacru {Rampage rF+ Stlth+}
rPois   .          Reflect  .    (no helmet)
rElec   .          Harm     .    (no cloak)
rCorr   .          Rampage  +    h - +0 pair of gloves
Will    .....                    (no boots)
Stlth   +++.......               (no amulet)
HPRegen 0.29/turn                t - ring of protection from fire
MPRegen 0.13/turn                j - ring of ice

@: no status effects
A: high MP 1, forlorn, divine attributes
a: no special abilities


You were on level 5 of the Dungeon.
You visited 1 branch of the dungeon, and saw 5 of its levels.

You collected 178 gold pieces.

Inventory:

Hand Weapons
 g - a +1 dagger of flaming (weapon)
 k - a +2 dagger of venom
 B - a +2 dagger of speed
Missiles
 m - 3 curare-tipped darts
 G - 3 javelins
Armour
 a - a +0 robe
 h - a +0 pair of gloves (worn)
 s - the +2 leather armour of Xiblacru (worn) {Rampage rF+ Stlth+}
   (You found it on level 2 of the Dungeon)

   rF:        It protects you from fire.
   Rampage:   It bestows one free step when moving towards enemies.
   Stlth:     It makes you more stealthy.
 w - a +0 buckler of cold resistance
Jewellery
 j - a ring of ice (right hand)
 t - a ring of protection from fire (left hand)
Scrolls
 d - a scroll of immolation {unknown}
 e - 2 scrolls of butterflies {unknown}
 i - a scroll of fear {unknown}
 o - a scroll of noise
 p - a scroll of poison
 r - a scroll of blinking {unknown}
 y - 2 scrolls of vulnerability {unknown}
 A - a scroll of enchant armour {unknown}
Potions
 b - 2 potions of mutation
 c - a potion of invisibility
 f - 3 potions of berserk rage
 l - 3 potions of curing
 n - a potion of lignification {unknown}
 q - a potion of haste {unknown}
 x - a potion of brilliance
 z - 2 potions of cancellation
 C - a potion of degeneration {unknown}
 D - a potion of attraction {unknown}
 E - 2 potions of might


   Skills:
 - Level 3.8 Fighting
 + Level 1.3 Throwing
 + Level 3.1 Dodging
 + Level 3.3 Stealth
 - Level 1.7 Spellcasting
 - Level 0.8 Transmutations
 * Level 6.2 Earth Magic


You had 6 spell levels left.
You knew the following spells:

 Your Spells              Type           Power      Damage    Failure   Level
a - Sandblast             Erth           56%        2d13      1%          1
b - Passwall              Tmut/Erth      13%        N/A       8%          2

Your spell library contained the following spells:

 Spells                   Type           Power      Damage    Failure   Level
 Stone Arrow              Conj/Erth      30%        3d8       19%         3
 Magic Dart               Conj           4%         1d3       22%         1
 Call Imp                 Summ           1%         N/A       32%         2
 Petrify                  Tmut/Erth      16%        N/A       43%         4
 Mephitic Cloud           Conj/Pois/Air  1%         N/A       54%         3
 Ozocubu's Armour         Ice            2%         N/A       54%         3
 Ozocubu's Refrigeration  Ice            1%         4d7       100%        7


Dungeon Overview and Level Annotations

Branches:
Dungeon (5/15)
 Temple: D:4-7

Shops:
D:3 =


Innate Abilities, Weirdness & Mutations

You have an increased reservoir of magic. (+10% MP)
You shall have no god before yourself.
Your divine heritage dramatically boosts your attributes as you level up.


Message History

Aiming: Sandblast (safe; 1% risk of failure)
Press: ? - help, Shift-Dir - straight line, f/p - Grinder
Aim: Grinder, carrying a wand of quicksilver (5) (severely wounded, 81% to hit)
The blast of sand hits Grinder.
Grinder is severely wounded.
Grinder hits you.
* * * LOW HITPOINT WARNING * * *
You writhe in agony.
* * * LOW HITPOINT WARNING * * *
Grinder closely misses you.
Unknown command.
Unknown command.
Casting: Sandblast (safe; 1% risk of failure)
Confirm with . or Enter, or press ? or * to list all spells.
Aiming: Sandblast (safe; 1% risk of failure)
Press: ? - help, Shift-Dir - straight line, f/p - Grinder
Aim: Grinder, carrying a wand of quicksilver (5) (severely wounded, 81% to hit)
The blast of sand hits Grinder!
You kill Grinder!
Your Throwing skill increases to level 1!
Your Dodging skill increases to level 3!
Your Earth Magic skill increases to level 6!
You start resting.
You feel yourself speed up.
You start resting.
You recover from your berserk rage.
You start resting.
An ogre comes into view. It is wielding a +0 giant club.
Things that are here:
a wand of quicksilver (5); an adder corpse
m - 3 curare-tipped darts (gained 1)
The ogre shouts!
Casting: Sandblast (safe; 1% risk of failure)
Confirm with . or Enter, or press ? or * to list all spells.
Aiming: Passwall (safe; 8% risk of failure)
Press: ? - help, Dir - move target A rock wall.
You begin to meditate on the wall.
You continue meditating on the rock. x2
The ogre hits you with a +0 giant club!!
You die...

#.###.###.#.#<......
##.#.###.##.#.#..##.
..#####.##........#..#
........#..).##...#..#
......##..#.........##
..###.#..(...#......#
#...#....##>..#..
#.#......##...#.#
...#@.....##...#...
#.# #O....†(?).....#
#. #.#.####.####... #
#/#.# #.# #.#.# #.#
#.......#.# #.#
#.###...#.####5#
.O###..5....# #.#
##.######


You could see an ogre.

Vanquished Creatures
  Grinder (D:5)
  A phantom (D:5)
  Blork the orc (D:4)
  A bullfrog (D:3)
  A gnoll sergeant (D:4)
  A howler monkey (D:4)
  A hound (D:4)
  An orc priest (D:4)
  An iguana (D:4)
  Jessica (D:2)
  2 orc wizards (D:4)
  Robin (D:2)
  4 gnolls (D:4)
  11 adders
  4 dart slugs
  12 orcs
  9 endoplasms
  2 giant cockroaches (D:3)
  11 goblins
  9 hobgoblins
  3 jackals (D:4)
  2 quokkas
  6 ball pythons
  6 bats
  3 frilled lizards
  6 kobolds
  3 rats
104 creatures vanquished.

Notes
Turn   | Place    | Note
-------+----------+-------------------------------------------
     0 | D:1      | hikkokomori the Demigod Earth Elementalist began the quest
                  | for the Orb.
     0 | D:1      | Reached XP level 1. HP: 14/14 MP: 5/5
   230 | D:1      | Reached skill level 1 in Fighting
   230 | D:1      | Reached skill level 3 in Earth Magic
   256 | D:1      | Reached XP level 2. HP: 23/23 MP: 4/7
   707 | D:2      | Noticed Jessica
   709 | D:2      | Noticed Robin
   806 | D:2      | Reached XP level 3. HP: 29/29 MP: 5/8
  1044 | D:2      | Identified the +2 leather armour of Xiblacru {Rampage rF+
                  | Stlth+}
  1059 | D:2      | Learned a level 2 spell: Passwall
  1154 | D:2      | Killed Jessica
  1155 | D:2      | Reached XP level 4. HP: 36/37 MP: 6/9
  1216 | D:2      | Killed Robin
  1256 | D:2      | Reached skill level 4 in Earth Magic
  2232 | D:3      | Found Pehilana's Jewellery Shoppe.
  2308 | D:3      | Noticed a bullfrog
  2312 | D:3      | Killed a bullfrog
  2313 | D:3      | Reached XP level 5. HP: 44/45 MP: 5/10
  2860 | D:4      | Noticed Blork the orc
  2878 | D:4      | Killed Blork the orc
  2881 | D:4      | Reached XP level 6. HP: 38/52 MP: 6/11
  3049 | D:4      | Reached skill level 5 in Earth Magic
  3889 | D:4      | Reached XP level 7. HP: 14/58 MP: 12/12
  4220 | D:5      | Entered Level 5 of the Dungeon
  4317 | D:5      | Noticed Grinder
  4317 | D:5      | Paralysed by Grinder for 3 turns
  4371 | D:5      | Paralysed by Grinder for 4 turns
  4377 | D:5      | Paralysed by Grinder for 3 turns
  4380 | D:5      | Killed Grinder
  4381 | D:5      | Reached skill level 1 in Throwing
  4381 | D:5      | Reached skill level 6 in Earth Magic
  4416 | D:5      | Slain by an ogre

Illustrated notes

Levels and vault maps discovered:
D:1:      dpeg_arrival_tiny_h, layout_rooms
D:2:      layout_loops_ring, uniq_jessica, uniq_robin
D:3:      layout_loops_corners, nicolae_ru_awakened_eye,
          nicolae_ecumenical_pavilion, serial_rivers,
          chequers_serial_rivers_small_b, chequers_serial_rivers_micro_d,
          chequers_serial_rivers_room_b, chequers_serial_rivers_large_a,
          chequers_serial_rivers_room_a, serial_shops, nicolae_shop_hallway_plus
D:4:      layout_loops_ring, lightli_minifort, uniq_blork_the_orc
D:5:      layout_loops_ring, uniq_grinder, uniq_menkaure

Skill      XL: |  1  2  3  4  5  6  7 |
---------------+----------------------+-----
Fighting       | 1 2 3 |  3.8
Earth Magic    | 3 4 5 6 |  6.2
Stealth        | 2 3 |  3.3
Dodging        | 2 3 |  3.1
Throwing       | 1 |  1.3
Spellcasting   | |  1.7
Transmutations | |  0.8

Action                   |  1- 3 |  4- 6 |  7- 9 || total
-------------------------+-------+-------+-------++-------
Melee: Dagger            |     1 |    15 |    26 ||    42
       Punch             |       |     1 |       ||     1
Throw: Javelin           |       |     4 |     4 ||     8
       Dart              |       |     3 |     1 ||     4
 Cast: Sandblast         |    54 |    91 |    16 ||   161
       Passwall          |       |     1 |     2 ||     3
  Use: Scroll            |     1 |     1 |     8 ||    10
       Potion            |       |     2 |     2 ||     4
 Stab: Sleeping          |       |     1 |     2 ||     3
       Invisible         |       |     2 |       ||     2
Armor: Robe              |     6 |       |       ||     6
       Leather armour    |     1 |    28 |     7 ||    36
Dodge: Dodged            |    14 |    52 |    16 ||    82

Table legend: (Time is in decaauts)
 A = Elapsed time spent in this place.
 B = Non-inter-level travel time spent in this place.
 C = Inter-level travel time spent in this place.
 D = Time resting spent in this place.
 E = Time spent auto-exploring this place.
 F = Levels seen in this place.
 G = Mean time per level.
                   A        B        C        D        E       F      G
               +--------+--------+--------+--------+--------+-----+--------+
         Total |   4513 |   4295 |    218 |    185 |   3388 |   5 |  902.6 |
       Dungeon |   4513 |   4295 |    218 |    185 |   3388 |   5 |  902.6 |
               +--------+--------+--------+--------+--------+-----+--------+

Top non-repeatable levels by time:
     D:4: 1424 daAuts
     D:2: 1046 daAuts
     D:3: 1032 daAuts
     D:1: 799 daAuts
     D:5: 211 daAuts
